 Dungeon Crawl Stone Soup version 0.28-a0-706-gf6f64a616a (webtiles) character file.

Game seed: 14483466504881601877

8393 bellsore the Fighter (level 11, -4/111 HPs)
             Began as a Barachi Transmuter on Oct 24, 2021.
             Was a High Priest of Okawaru.
             Slain by a sixfirhy (6 damage)
             ... summoned by a kobold demonologist
             ... while petrified by a basilisk
             ... on level 10 of the Dungeon.
             The game lasted 00:34:00 (11144 turns).

bellsore the Fighter (Barachi Transmuter)          Turns: 11144, Time: 00:34:03

Health: -4/111     AC:  6    Str: 11    XL:     11   Next: 30%
Magic:  13/14      EV:  1    Int: 14    God:    Okawaru [*****.]
Gold:   693        SH:  0    Dex: 16    Spells: 4/14 levels left

rFire   x . .      SeeInvis +     - Unarmed
rCold   + + +      Faith    .   (shield currently unavailable)
rNeg    + + +      Spirit   .   (armour currently unavailable)
rPois   ∞          Reflect  .   (helmet currently unavailable)
rElec   .          Harm     .   (cloak currently unavailable)
rCorr   .          Rampage  .   (gloves currently unavailable)
Will    .....                   (boots currently unavailable)
Stlth   +.........              d - amulet of regeneration
HPRegen 1.28/turn               b - ring of flight
MPRegen 0.14/turn               e - ring of see invisible

@: ice-form, petrified, flying
A: freezing attack, boosted hp, amphibious, large, (slowness 1), (strong legs
1), +LOS
a: End Transformation, Renounce Religion, Heroism, Finesse, Duel


You were on level 10 of the Dungeon.
You worshipped Okawaru.
Okawaru was extremely pleased with you.
You were a creature of crystalline ice.
You visited 2 branches of the dungeon, and saw 11 of its levels.

You collected 693 gold pieces.

Inventory:

Armour
 a - a +0 robe
 A - +0 steam dragon scales (melded)
 C - the +2 ring mail of Optimism {SInv Stlth+}
   (You found it on level 8 of the Dungeon)

   SInv:      It lets you see invisible.
   Stlth:     It makes you more stealthy.
 D - a +0 pair of boots (melded)
 E - a +0 pair of gloves (melded)
Jewellery
 b - a ring of flight (left front paw)
 d - an amulet of regeneration (around neck)
 e - a ring of see invisible (right front paw)
 i - an amulet of faith
 j - a ring of fire
 q - a ring of magical power
 x - a +6 ring of dexterity
Wands
 h - a wand of mindburst (18)
 t - a wand of acid (25)
Scrolls
 c - 5 scrolls of teleportation {unknown}
 g - 9 scrolls of identify {unknown}
 k - 3 scrolls of blinking {unknown}
 m - a scroll of amnesia {unknown}
 n - a scroll of fear {unknown}
 p - a scroll of immolation {unknown}
 u - a scroll of enchant armour {unknown}
 y - a scroll of acquirement {unknown}
 z - 2 scrolls of noise {unknown}
Potions
 f - 3 potions of curing {unknown}
 l - a potion of haste {unknown}
 o - a potion of invisibility {unknown}
 r - a potion of berserk rage {unknown}
 s - a potion of degeneration {unknown}
 v - a potion of lignification {unknown}
 w - a potion of heal wounds {unknown}
 B - 2 potions of might {unknown}


   Skills:
 + Level 11.1 Fighting
 + Level 10.5 Dodging
 + Level 10.9 Unarmed Combat
 - Level 2.1 Spellcasting
 + Level 6.0 Transmutations
 - Level 3.2 Ice Magic


You had 4 spell levels left.
You knew the following spells:

 Your Spells              Type           Power      Damage    Failure   Level
a - Beastly Appendage     Tmut           36%        N/A       1%          1
b - Spider Form           Tmut/Pois      5%         N/A       21%         3
c - Wereblood             Tmut           18%        N/A       3%          2
d - Ice Form              Ice/Tmut       14%        N/A       34%         4

Your spell library contained the following spells:

 Spells                   Type           Power      Damage    Failure   Level
 Ignite Poison            Fire/Tmut/Pois 7%         N/A       30%         3
 Conjure Flame            Conj/Fire      1%         6-21      56%         3
 Sticky Flame             Conj/Fire      1%         2d3       93%         4


Dungeon Overview and Level Annotations

Branches:
Dungeon (10/15)            Temple (1/1) D:4
   Lair: D:8-11         Orc: D:9-12

Altars:
Ashenzari
Cheibriados
Dithmenos
Elyvilon
Gozag
Hepliaklqana
Kikubaaqudgha
Makhleb
Nemelex Xobeh
Okawaru
Qazlal
Ru
Trog
Uskayaw
Vehumet
Wu Jian
Yredelemnul
Zin
The Shining One

Annotations:
D:4 1 runed translucent door, avis's ghost, amateur HOTm
D:6 2 transporters, HuGe's ghost, novice HOBe
D:10 Gastronok


Innate Abilities, Weirdness & Mutations

You are a creature of crystalline ice.
You have a powerful freezing melee attack.
Your maximum health is increased.
You are immune to poison.
Your armour is entirely melded.
You are incapable of wielding weapons or throwing items.
You are amphibious.
((You cover ground slowly.))
((You can hop short distances.))
You have an extended range of vision and can be seen from far away.


Message History

The orange demon stings you from afar!
The kobold demonologist looks braver for a moment.
The sixfirhy hits you! The sixfirhy shocks you!
The orange demon stings you from afar!
The sixfirhy hits you but does no damage.
The kobold demonologist looks braver for a moment.
The sixfirhy hits you but does no damage. x2
The sixfirhy hits you. The sixfirhy shocks you!
The orange demon stings you from afar. The sixfirhy hits you.
The sixfirhy shocks you!
* * * LOW HITPOINT WARNING * * *
The kobold demonologist hits you but does no damage.
The sixfirhy hits you.
* * * LOW HITPOINT WARNING * * *
The sixfirhy shocks you!
* * * LOW HITPOINT WARNING * * *
The sixfirhy hits you.
* * * LOW HITPOINT WARNING * * *
The sixfirhy shocks you!
* * * LOW HITPOINT WARNING * * *
The orange demon stings you from afar!
* * * LOW HITPOINT WARNING * * *
The kobold demonologist hits you with a +0 dagger.
The orange demon stings you but does no damage.
The kobold demonologist mumbles some strange words.
The white imp disappears in a puff of smoke!
The orange demon stings you from afar!
* * * LOW HITPOINT WARNING * * *
The kobold demonologist hits you but does no damage.
The sixfirhy hits you.
* * * LOW HITPOINT WARNING * * *
The sixfirhy shocks you!
* * * LOW HITPOINT WARNING * * *
The sixfirhy hits you but does no damage.
The sixfirhy hits you. The sixfirhy shocks you!
* * * LOW HITPOINT WARNING * * *
The sixfirhy hits you!
* * * LOW HITPOINT WARNING * * *
The sixfirhy shocks you!
You die...

#..##.##...#
#......<.#
#.##..#### #..# #.#
# #.. ######
?#..#.####4...
......#..K4#####.#
........Y35<.....#
.....##########.$...
.. #.


You could see an orange demon (summoned), an ice devil (summoned), a kobold
demonologist, a sixfirhy (summoned) and a crimson imp (summoned).

Vanquished Creatures
  A boulder beetle (D:7)
  An ugly thing (D:7)
  Joseph (D:7)
  A gargoyle (D:7)
  An unseen horror (D:7)
  Maggie (D:7)
  A komodo dragon (D:7)
  Prince Ribbit (D:7)
  2 wraiths (D:7)
  A shadow (D:7)
  2 wyverns
  A basilisk (D:10)
  7 yaks
  Menkaure (D:7)
  An acid dragon (D:7)
  3 orc warriors
  2 water moccasins
  A hornet zombie (D:7)
  2 necrophages
  An ogre (D:7)
  2 sky beasts
  2 black bears (D:5)
  3 centaurs
  6 phantoms
  2 bullfrogs
  A kobold brigand (D:8)
  2 scorpions
  2 water moccasin skeletons (D:5)
  A wight (D:7)
  A howler monkey (D:6)
  6 hounds
  A centaur zombie (D:9)
  5 jellies
  8 orc priests
  A centaur skeleton (D:7)
  3 gnoll shamans
  2 bullfrog skeletons
  An iron imp (D:9)
  2 iguanas
  7 orc wizards
  10 gnolls
  6 adders
  2 white imps
  3 ufetubi
  An adder skeleton (D:5)
  A worm (D:4)
  3 dart slugs
  35 orcs
  5 bats
  6 endoplasms
  5 giant cockroaches
  8 hobgoblins
  14 kobolds
  3 quokkas
  10 ball pythons
  2 frilled lizards
  10 goblins
  A quokka skeleton (D:4)
  3 rats
218 creatures vanquished.

Vanquished Creatures (others)
  A fungus (D:10)
  3 plants
  2 withered plants (D:4)
6 creatures vanquished.

Grand Total: 224 creatures vanquished

Notes
Turn   | Place    | Note
-------+----------+-------------------------------------------
     0 | D:1      | bellsore the Barachi Transmuter began the quest for the
                  | Orb.
     0 | D:1      | Reached XP level 1. HP: 15/15 MP: 3/3
   317 | D:1      | Reached XP level 2. HP: 21/21 MP: 3/5
   755 | D:1      | Reached XP level 3. HP: 25/26 MP: 4/6
   759 | D:1      | Learned a level 3 spell: Spider Form
  1380 | D:2      | Learned a level 2 spell: Wereblood
  1529 | D:2      | Reached XP level 4. HP: 24/32 MP: 3/7
  1632 | D:2      | Found a faded altar of an unknown god.
  2350 | D:3      | Reached skill level 2 in Fighting
  2350 | D:3      | Reached XP level 5. HP: 9/38 MP: 4/8
  2763 | D:4      | Found an opulent altar of Gozag.
  2763 | D:4      | Found a sacrificial altar of Ru.
  2763 | D:4      | Found a glowing golden altar of the Shining One.
  2848 | D:4      | Reached skill level 3 in Fighting
  2848 | D:4      | Reached XP level 6. HP: 38/47 MP: 5/9
  3549 | D:4      | Found a runed translucent door.
  3549 | D:4      | Noticed avis's ghost (amateur HOTm)
  3567 | D:4      | Reached skill level 5 in Unarmed Combat
  3689 | D:4      | Found a staircase to the Ecumenical Temple.
  3695 | Temple   | Entered the Ecumenical Temple
  3701 | Temple   | Became a worshipper of Warmaster Okawaru
  4315 | D:5      | Entered Level 5 of the Dungeon
  4327 | D:5      | Reached skill level 4 in Fighting
  4327 | D:5      | Reached XP level 7. HP: 33/54 MP: 7/10
  4740 | D:5      | Reached * piety under Okawaru
  4852 | D:5      | Reached skill level 5 in Fighting
  4852 | D:5      | Reached skill level 5 in Dodging
  4876 | D:5      | Reached XP level 8. HP: 47/63 MP: 2/11
  4958 | D:5      | Found a broken altar of Ashenzari.
  5126 | D:5      | Reached ** piety under Okawaru
  5262 | D:5      | Reached skill level 6 in Fighting
  6618 | D:6      | Reached skill level 7 in Fighting
  6836 | D:6      | Reached XP level 9. HP: 72/72 MP: 8/12
  6865 | D:6      | Found a transporter.
  6867 | D:6      | Found a transporter.
  6868 | D:6      | Noticed HuGe's ghost (novice HOBe)
  6952 | D:5      | Reached *** piety under Okawaru
  7521 | D:7      | Noticed a komodo dragon
  7568 | D:7      | Killed a komodo dragon
  7569 | D:7      | Reached skill level 8 in Fighting
  7643 | D:7      | Noticed Joseph
  7660 | D:7      | Killed Joseph
  7876 | D:7      | Noticed an unseen horror
  7876 | D:7      | Noticed a cyan ugly thing
  7886 | D:7      | Killed a cyan ugly thing
  7887 | D:7      | Reached skill level 9 in Fighting
  7887 | D:7      | Reached XP level 10. HP: 83/83 MP: 5/13
  7889 | D:7      | Killed an unseen horror
  7889 | D:7      | Reached **** piety under Okawaru
  7983 | D:7      | Noticed a boulder beetle
  8060 | D:7      | Killed a boulder beetle
  8130 | D:7      | Reached skill level 10 in Fighting
  8130 | D:7      | Reached skill level 10 in Unarmed Combat
  8297 | D:7      | Noticed a gargoyle
  8313 | D:7      | Killed a gargoyle
  8368 | D:7      | Noticed Menkaure
  8377 | D:7      | Killed Menkaure
  8402 | D:7      | Noticed Prince Ribbit
  8417 | D:7      | Killed Prince Ribbit
  8417 | D:7      | Reached ***** piety under Okawaru
  8521 | D:7      | Noticed Maggie
  8536 | D:7      | Killed Maggie
  8537 | D:7      | Reached skill level 10 in Dodging
  8745 | D:7      | Learned a level 4 spell: Ice Form
  8811 | D:7      | Reached skill level 1 in Ice Magic
  9387 | D:8      | Identified the +2 ring mail of Optimism {SInv Stlth+}
  9394 | D:8      | Reached skill level 5 in Transmutations
  9404 | D:8      | Reached XP level 11. HP: 80/92 MP: 11/14
  9779 | D:8      | Found a stormy altar of Qazlal.
 10447 | D:9      | Reached skill level 11 in Fighting
 10896 | D:9      | Found a snail-covered altar of Cheibriados.
 10982 | D:10     | Entered Level 10 of the Dungeon
 11017 | D:10     | Noticed Gastronok
 11134 | D:10     | Noticed a sixfirhy
 11144 | D:10     | HP: 2/111 [sixfirhy[a kobold demonologist] (5)]
 11144 | D:10     | Slain by a sixfirhy

Illustrated notes

Levels and vault maps discovered:
D:1:      shiori_arrival_oz, layout_rooms, hangedman_decor_slide_cut,
          minmay_tiny_reverse_x
D:2:      layout_loops_corners, hellmonk_ecumenical_altar_lost_god,
          minmay_tree_intersection, hangedman_decor_points
D:3:      layout_rooms
D:4:      layout_loops_cross, gammafunk_temple_overflow_forgotten,
          minmay_temple_entry_hall, gammafunk_ghost_grave
D:5:      layout_basic, evilmike_ruin_ashenzari, cheibrodos_gnoll_hut
D:6:      layout_loops_cross, gammafunk_ghost_hive
D:7:      layout_gridville, minmay_the_grid_2x2 [minmay_the_grid_tiny_cups,
          minmay_the_grid_minigrid_small_alt, minmay_the_grid_outer_circle,
          minmay_the_grid_prize_inner_circle], uniq_joseph, uniq_prince_ribbit1,
          uniq_maggie, uniq_menkaure
D:8:      layout_loops_ring, general_overflow_altar, enter_ossuary_1,
          minivault_1, hex_large
D:9:      layout_basic, slow_altar_2
D:10:     layout_rooms, david_lair_generic, uniq_fannar, uniq_snorg,
          uniq_gastronok
Temple:   nicolae_temple_x_marks_the_god

Skill      XL: |  1  2  3  4  5  6  7  8  9 10 11 |
---------------+----------------------------------+-----
Transmutations | 3 4 5 6 |  6.0
Unarmed Combat | 4 5 6 7 9 10 | 10.9
Fighting       | 2 3 4 5 7 9 10 11 | 11.1
Dodging        | 3 4 5 7 8 10 | 10.5
Ice Magic      | 2 3 |  3.2
Spellcasting   | |  2.1

Action                   |  1- 3 |  4- 6 |  7- 9 | 10-12 || total
-------------------------+-------+-------+-------+-------++-------
Melee: Unarmed           |    84 |   163 |   252 |   222 ||   721
       Kick              |    11 |    16 |     4 |       ||    31
       Headbutt          |    10 |     8 |     3 |       ||    21
       Punch             |     2 |       |     1 |     2 ||     5
 Cast: Beastly Appendage |    20 |    14 |     4 |     1 ||    39
       Spider Form       |     2 |    15 |    35 |    29 ||    81
       Wereblood         |       |       |       |     5 ||     5
       Ice Form          |       |       |       |     2 ||     2
Invok: Heroism           |       |       |     3 |     4 ||     7
 Abil: Hop               |       |     1 |       |       ||     1
 Stab: Sleeping          |     2 |     1 |       |       ||     3
Armor: Robe              |    14 |     9 |       |     1 ||    24
       Skin              |       |     1 |     9 |    21 ||    31
       Steam dragon scal |       |       |       |     1 ||     1
Dodge: Dodged            |    77 |   113 |   230 |   202 ||   622

Table legend: (Time is in decaauts)
 A = Elapsed time spent in this place.
 B = Non-inter-level travel time spent in this place.
 C = Inter-level travel time spent in this place.
 D = Time resting spent in this place.
 E = Time spent auto-exploring this place.
 F = Levels seen in this place.
 G = Mean time per level.
                   A        B        C        D        E       F      G
               +--------+--------+--------+--------+--------+-----+--------+
         Total |  12220 |  11726 |    494 |   3099 |   6598 |  11 | 1110.9 |
       Dungeon |  12205 |  11724 |    481 |   3099 |   6598 |  10 | 1220.5 |
        Temple |     14 |      1 |     13 |      0 |      0 |   1 |   14.0 |
               +--------+--------+--------+--------+--------+-----+--------+

Top non-repeatable levels by time:
     D:5: 1941 daAuts
     D:4: 1933 daAuts
     D:7: 1894 daAuts
     D:1: 1230 daAuts
     D:9: 1191 daAuts
     D:2: 1176 daAuts
     D:6: 994 daAuts
     D:8: 983 daAuts
     D:3: 830 daAuts
    D:10: 31 daAuts
  Temple: 14 daAuts
